 Dungeon Crawl Stone Soup version 0.29.1-12-g30fa7ad0bf (webtiles) character file.

Game seed: 1178934470469664460

1 thatblackman the Caller (level 1, 0/13 HPs)
             Began as a Vampire Summoner on Jan 11, 2023.
             Succumbed to a kobold's poison
             ... on level 1 of the Dungeon.
             The game lasted 00:00:20 (47 turns).

thatblackman the Caller (Vampire Summoner)            Turns: 47, Time: 00:00:20

Health: 0/13       AC:  2    Str:  7    XL:     1   Next: 16%
Magic:  2/3        EV: 12    Int: 17    God:
Gold:   0          SH:  0    Dex: 14    Spells: 3/4 levels left

rFire   . . .      SeeInvis +   (no weapon)
rCold   . . .      Faith    .   (no shield)
rNeg    . . .      Spirit   .   a - +0 robe
rPois   .          Reflect  .   (no helmet)
rElec   .          Harm     .   (no cloak)
rCorr   .          Rampage  .   (no gloves)
Will    .....                   (no boots)
Stlth   ++........              (no amulet)
HPRegen 0.24/turn               (no ring)
MPRegen 0.08/turn               (no ring)

@: lethally poisoned (0 -> -11), healing quickly
A: alive, fangs 3, see invisible, vampiric 1
a: Exsanguinate


You were on level 1 of the Dungeon.
You visited 1 branch of the dungeon, and saw 1 of its levels.

Inventory:

Armour
 a - a +0 robe (worn)
Potions
 b - a potion of magic


   Skills:
 + Level 2.1 Dodging
 + Level 3.0 Stealth
 + Level 2.0 Spellcasting
 + Level 4.0 Summonings


You had 3 spell levels left.
You knew the following spells:

 Your Spells              Type           Power      Damage    Failure   Level
a - Summon Small Mammal   Summ           60%        N/A       3%          1

Your spell library contained the following spells:

 Spells                   Type           Power      Damage    Failure   Level
 Call Imp                 Summ           15%        N/A       5%          2
 Call Canine Familiar     Summ           15%        N/A       11%         3
 Summon Guardian Golem    Hex/Summ       8%         N/A       26%         3
 Summon Lightning Spire   Summ/Air       8%         N/A       63%         4


Dungeon Overview and Level Annotations

Branches:
Dungeon (1/15)

Altars:


Innate Abilities, Weirdness & Mutations

Your natural rate of healing is accelerated.
You have razor-sharp teeth.
You have supernaturally acute eyesight. (SInv)
You are afflicted with vampirism.


Message History

The bat barely misses you.
You hit the hobgoblin.
The hobgoblin is heavily wounded.
The bat hits you. The hobgoblin hits you.
You barely miss the hobgoblin.
The hobgoblin is heavily wounded.
The bat barely misses you. The hobgoblin barely misses you.
You closely miss the hobgoblin. You bite the hobgoblin.
The hobgoblin is severely wounded.
The hobgoblin hits you. The bat hits you but does no damage.
You hit the hobgoblin.
You kill the hobgoblin!
The bat barely misses you. The bat closely misses you.
The bat barely misses you. x2
The bat barely misses you. The bat hits you.
Found a scroll labelled SONUIZ KAUDD.
The bat barely misses you.
Your quokka bites the bat.
The bat hits your quokka but does no damage.
A kobold comes into view.
It is wielding a +2 short sword of venom.
The kobold shouts!
The bat hits your quokka. The bat closely misses your quokka.
The bat hits your quokka.
Your quokka closely misses the bat.
An endoplasm and a hobgoblin come into view.
The bat misses your quokka.
Your quokka bites the bat.
The bat closely misses your quokka.
Your quokka closely misses the bat.
The endoplasm quivers.
The hobgoblin shouts!
The bat hits your quokka.
Your quokka barely misses the bat.
The kobold hits you with a +2 short sword of venom.
You are lethally poisoned!
You feel sick. The bat barely misses your quokka.
Your quokka barely misses the kobold.
The kobold hits you with a +2 short sword of venom.
* * * LOW HITPOINT WARNING * * *
You are more poisoned.
You are too injured to fight recklessly!
You die...

... #...............
....#......#..#....##.
...#......#..#......
#....##.....#.#...
#.J.............#
#.?.............#####.
###....Kr...............
....g....@...r....#
.............b.#........
...#########..##..##.##.
. #.###.... ..
#..##..##. . ##.##..# #
#.##... #.##.## #.#


You could see an endoplasm, a hobgoblin, a bat (ally target), a kobold (ally
target) and 2 friendly quokkas.

Vanquished Creatures
  A hobgoblin (D:1)
1 creature vanquished.

Notes
Turn   | Place    | Note
-------+----------+-------------------------------------------
     0 | D:1      | thatblackman the Vampire Summoner began the quest for the
                  | Orb.
     0 | D:1      | Reached XP level 1. HP: 13/13 MP: 3/3
    47 | D:1      | Succumbed to a kobold's poison

Illustrated notes

Levels and vault maps discovered:
D:1:      dpeg_arrival_simpleton_b, layout_basic, serial_shops, shop,
          shapermc_ecumenical_altar_rom_forum

Action                   || total
-------------------------++-------
Melee: Unarmed           ||     5
       Bite              ||     1
 Cast: Summon Small Mamm ||     3
Armor: Robe              ||     5
Dodge: Dodged            ||    13
